Unix NetHack Version 3.7.0-59 Work-in-progress - last build Jun 2 2022 03:59:05 (05420cef104f2102be295c3e72b2481733d3ab8f,branch:master). Game began 2022-06-03 22:06:56, ended 2022-06-03 22:16:31. hackemslashem, neutral female human Wizard --------------- |.............| -.---+--.----+- --- ..|...|-.| +.----- .--- ..%--.-..--- |......---+-.....-+-.........--+- |.----........--................| -. |.+ --.......-|..--------+--..-- -.--- |.| |...{... --- .- .@@@.---|.| -...... -......-|.| ---....- .---...|.-- |...|... -...%|%%. |..---... ......... |....|-.. ...G.... |-...|... ....... |....... ......- |...|.. -...--- --..| ---- Hackemslashem the Conjurer St:11 Dx:11 Co:16 In:15 Wi:13 Ch:11 Neutral Dlvl:7 $:53 HP:0(46) Pw:12(64) AC:7 Exp:5 T:1327 Latest messages: You hear a door open. You are almost hit by a dagger. You hear a chugging sound. You hear a door open. This door is locked. This door is locked. The dwarf wields a dagger! You hear a door open. Pick an object. h a humanoid (dwarf) In what direction? The spell hits the dwarf! The dwarf thrusts her dagger. The dwarf hits! In what direction? The spell hits the dwarf! You kill the dwarf! Welcome to experience level 5. The spell hits it. It gets angry! The gnome lord misses! In what direction? The spell hits the gnome lord! You kill the gnome lord! You see here a gnome lord corpse. There are a few objects here. The gnome misses! You kill the gnome! There are two objects here. D - a candle. What do you want to use or apply? [cklrxzD or ?*] Your candle's flame burns brightly! Pick an object. @ a human or elf (peaceful watchman) The Woodland-elf wields a runed broadsword! The Woodland-elf swings his runed broadsword. The Woodland-elf hits! The Woodland-elf hits! Pick an object. @ a human or elf (Woodland-elf) Pick an object. @ a human or elf (Woodland-elf) The Woodland-elf swings his runed broadsword. The Woodland-elf hits! The Woodland-elf hits! The Woodland-elf hits! The Woodland-elf swings his runed broadsword. The Woodland-elf hits! You die... Do you want your possessions identified? [ynq] (y) Major events: Turn 1: hackemslashem the neutral female human Wizard entered the dungeon 1056: attained the rank of Conjurer (level 3) 1079: entered the Gnomish Mines 1327: killed by a Woodland-elf Inventory: Coins $ - 53 gold pieces Weapons B - 2 uncursed +0 daggers A - an uncursed +0 elven dagger v - a blessed +2 orcish dagger a - a blessed +1 quarterstaff (weapon in hands) Armor w - an uncursed +1 orcish helm (being worn) b - an uncursed +0 cloak of magic resistance (being worn) y - an uncursed +0 dwarvish cloak Comestibles n - an uncursed food ration m - 2 uncursed lichen corpses Scrolls i - an uncursed scroll of destroy armor h - an uncursed scroll of genocide Spellbooks k - a blessed spellbook of force bolt l - a blessed spellbook of light Potions f - 2 uncursed potions of booze p - an uncursed potion of extra healing q - a cursed potion of oil d - an uncursed potion of water Rings e - an uncursed ring of invisibility (on left hand) g - an uncursed ring of searching (on right hand) o - a cursed ring of teleport control Wands c - an uncursed wand of striking (0:6) x - an uncursed wand of striking (0:5) r - an uncursed wand of teleportation (0:5) Tools z - an uncursed +0 pick-axe D - an uncursed partly used tallow candle (lit) Gems/Stones C - an uncursed worthless piece of white glass Hackemslashem the Wizard's attributes: Background: You were a Conjurer, a level 5 female human Wizard. You were neutral, on a mission for Thoth who was opposed by Ptah (lawful) and Anhur (chaotic). You were in the Gnomish Mines, on level 7. You entered the dungeon 1327 turns ago. It was nighttime. You had 186 experience points, 134 more were needed to attain level 6. Basics: You had 0 out of 46 hit points. You had 12 out of 64 energy points (spell power). Your armor class was 7. Your wallet contained 53 zorkmids. Autopickup was on for '$?!="/' plus thrown, with exceptions. Final Characteristics: Your strength was 11 (limit:18/100). Your dexterity was 11 (limit:18). Your constitution was 16 (limit:18). Your intelligence was 15 (limit:18). Your wisdom was 13 (limit:18). Your charisma was 11 (limit:18). Final Status: You were not hungry. You were unencumbered. You were wielding a quarterstaff. You had basic skill with quarterstaff. Final Attributes: You were devoutly aligned. You were magic-protected. You were telepathic. You had automatic searching. You were invisible. You were warded. You are dead. Miscellaneous: You disabled loading of bones levels. Total elapsed playing time was 9 minutes and 35 seconds. Vanquished creatures: 3 gnome leaders a floating eye 4 dwarves a hobbit 2 manes 6 gnomes a gnome zombie 2 geckos 5 jackals 2 foxes a goblin a sewer rat 3 grid bugs 2 lichens 2 newts 36 creatures vanquished. No species were genocided or became extinct. Voluntary challenges: You read items or engraved 7 times. You engraved Elbereth 2 times. You never genocided any monsters. You never polymorphed an object. You never changed form. You used no wishes. Achievements: You attained the rank of Conjurer. You entered the Gnomish Mines. The Dungeons of Doom: levels 1 to 5 Level 1: A sink. Level 2: A sink. Level 3: Stairs down to The Gnomish Mines. Level 4: Level 5: The Gnomish Mines: levels 4 to 7 Level 4: Level 5: Level 6: Level 7: <- You were here. A fountain. Final resting place for you, killed by a Woodland-elf. Game over: ---------- / \ / REST \ / IN \ / PEACE \ / \ | hackemslashem | | 53 Au | | killed by a | | Woodland-elf | | | | | | 2022 | *| * * * | * _________)/\\_//(\/(/\)/\//\/|_)_______ Goodbye hackemslashem the Wizard... You died in The Gnomish Mines on dungeon level 7 with 1112 points, and 53 pieces of gold, after 1327 moves. You were level 5 with a maximum of 46 hit points when you died.